 Dungeon Crawl Stone Soup version 0.29-a0-330-g52719c12eb (webtiles) character file.

Game seed: 7237732508550798119

25 zishaf the Sneak (level 3, -2/16 (18) HPs)
             Began as a Vine Stalker Brigand on Apr 12, 2022.
             Killed by nerve-wracking pain
             ... invoked by Jessica
              (9 damage)
             ... on level 2 of the Dungeon.
             The game lasted 00:02:16 (1441 turns).

zishaf the Sneak (Vine Stalker Brigand)             Turns: 1441, Time: 00:02:16

HP:   -2/16 (18)    AC:  7    Str: 13    XL:     3   Next: 4%
MP:   0/4           EV:  9    Int: 11    God:
Gold: 36            SH:  5    Dex: 17    Spells: 2/2 levels left

rFire   + . .      SeeInvis .   a - +2 dagger (drain)
rCold   . . .      Faith    .   (no shield)
rNeg    . . .      Spirit   +   f - +0 scale mail
rPois   .          Reflect  +   (no helmet)
rElec   .          Harm     .   c - +0 cloak
rCorr   .          Rampage  .   (no gloves)
Will    .....                   (no boots)
Stlth   ++........              k - amulet of reflection
HPRegen 0.05/turn               i - ring of protection from fire
MPRegen 0.09/turn               (no ring)

@: slowed, heavily drained, very slow
A: fangs 2, magic shield, antimagic bite, no potion heal 2
a: no special abilities


You were on level 2 of the Dungeon.
You visited 1 branch of the dungeon, and saw 2 of its levels.

You collected 36 gold pieces.

Inventory:

Hand Weapons
 a - a +2 dagger of draining (weapon)
 q - a +2 short sword of flaming
Missiles
 d - 9 poisoned darts (quivered)
 e - 3 curare-tipped darts
Armour
 c - a +0 cloak (worn)
 f - a +0 scale mail (worn)
 l - a +0 robe
Jewellery
 i - a ring of protection from fire (left hand)
 k - an amulet of reflection (around neck)
Scrolls
 b - 2 scrolls of identify {unknown}
 h - a scroll of vulnerability {unknown}
 j - a scroll of fear {unknown}
 m - a scroll of fog {unknown}
 o - a scroll of silence {unknown}
Potions
 g - a potion of resistance {unknown}
 n - a potion of haste {unknown}
 p - a potion of curing {unknown}


   Skills:
 + Level 2.2 Fighting
 + Level 2.2 Short Blades
 - Level 1.7 Throwing
 - Level 1.0 Dodging
 + Level 5.3 Stealth


You had 2 spell levels left.
You didn't know any spells.
Your spell library contained the following spells:

 Spells                   Type           Power      Damage    Failure   Level
 Shock                    Conj/Air       0%         1d3       87%         1
 Swiftness                Air            0%         N/A       99%         3
 Airstrike                Air            0%         N/A       100%        4


Dungeon Overview and Level Annotations

Branches:
Dungeon (2/15)

Altars:
Kikubaaqudgha

Annotations:
D:2 Jessica, Terence


Innate Abilities, Weirdness & Mutations

You have extremely sharp teeth.
When hurt, damage is shared between your health and your magic reserves.
Your bite disrupts and absorbs the magic of your enemies.
Potions cannot restore your health.


Message History

You start resting.
Magic restored.
You start resting.
HP restored.
You see here a +0 ring mail.
There is a staircase leading out of the dungeon here.
There is a stone staircase leading down here.
You climb downwards.
Level annotation: Terence
There is a stone staircase leading up here.
The helpless quokka fails to defend itself.
You impale the quokka!!
You kill the quokka!
Jessica shouts!
Natasha hisses angrily.
Natasha barely misses you.
Jessica gestures wildly.
You barely miss Natasha. Natasha claws you but does no damage.
You hit Natasha. Your bite misses Natasha.
Natasha is moderately wounded.
Natasha stares at you and mumbles some strange words.
The magic dart hits you!
You hit Natasha. You punch Natasha, but do no damage.
Natasha is severely wounded.
Natasha claws you.
Jessica points at you and mumbles some strange words.
You feel yourself slow down.
You closely miss Natasha. Your bite misses Natasha.
Natasha is severely wounded.
Natasha mumbles some strange words.
You hit Natasha. You drain Natasha.
You kill Natasha!
Suddenly Natasha's spirit rises from her lifeless body.
The crimson imp disappears in a puff of smoke!
Jessica casts a spell.
Jessica seems to speed up.
Jessica points at you and mumbles some strange words.
Pain shoots through your body!
Ouch! That really hurt!
You die...

#######
##.....##
##......<##
#....@@.†.#
#.........#
#.........#
#..§......#
#.........#
##.......##
#.........
#.........#


You could see Jessica (fast).

Vanquished Creatures
  Natasha (D:2)
  A ball python (D:1)
  3 giant cockroaches (D:1)
  3 goblins (D:1)
  2 hobgoblins
  A jackal (D:1)
  4 kobolds
  2 quokkas
  A bat (D:1)
  2 frilled lizards (D:1)
  3 rats (D:1)
23 creatures vanquished.

Notes
Turn   | Place    | Note
-------+----------+-------------------------------------------
     0 | D:1      | zishaf the Vine Stalker Brigand began the quest for the
                  | Orb.
     0 | D:1      | Reached XP level 1. HP: 11/11 MP: 2/2
   208 | D:1      | Reached skill level 1 in Dodging
   217 | D:1      | Reached skill level 5 in Stealth
   217 | D:1      | Reached XP level 2. HP: 15/15 MP: 3/3
  1149 | D:2      | Found an ancient bone altar of Kikubaaqudgha.
  1154 | D:2      | Noticed Terence
  1180 | D:1      | Reached XP level 3. HP: 4/16 MP: 1/4
  1433 | D:2      | Noticed Jessica
  1433 | D:2      | Noticed Natasha
  1441 | D:2      | Killed Natasha
  1441 | D:2      | Killed from afar by Jessica

Illustrated notes

Levels and vault maps discovered:
D:1:      spicycebolla_arrival_xxxplode, layout_basic, kennysheep_another_room,
          chequers_big_river, minmay_split_cup_small
D:2:      layout_rooms, basic_altar, uniq_jessica, uniq_terence, uniq_natasha

Skill      XL: |  1  2 |
---------------+-------+-----
Dodging        | 1 |  1.0
Fighting       | 2 |  2.2
Stealth        | 5 |  5.3
Short Blades   | 2 |  2.2
Throwing       | |  1.7

Action                   || total
-------------------------++-------
Melee: Dagger            ||    59
       Bite              ||    12
       Punch             ||     3
 Stab: Sleeping          ||     3
Armor: Scale mail        ||    25
Dodge: Dodged            ||    25
Block: Other             ||     3

Table legend: (Time is in decaauts)
 A = Elapsed time spent in this place.
 B = Non-inter-level travel time spent in this place.
 C = Inter-level travel time spent in this place.
 D = Time resting spent in this place.
 E = Time spent auto-exploring this place.
 F = Levels seen in this place.
 G = Mean time per level.
                   A        B        C        D        E       F      G
               +--------+--------+--------+--------+--------+-----+--------+
         Total |   1448 |   1382 |     66 |    225 |    912 |   2 |  724.0 |
       Dungeon |   1448 |   1382 |     66 |    225 |    912 |   2 |  724.0 |
               +--------+--------+--------+--------+--------+-----+--------+

Top non-repeatable levels by time:
     D:1: 1332 daAuts
     D:2: 115 daAuts
